TOP OF THE 1ST |
University of Southern California Trojans batting - Pitching for Mississippi State University Bulldogs : LHP Jon Hoffman
|
Pitching: LHP Jon Hoffman
|
|
Batting: LHB Alonzo Catalan
|
0-0: Foul Ball, location: 2F 0-1: Ball 1-1: Swinging Strike 1-2: Ball 2-2: Foul Ball, location: 2F 2-2: Strikes out looking
|
Batting: LHB Justin Veirs
|
0-0: Ball 1-0: Fly out, F1 (Popup, 15, EV 81.2 MPH)
|
Batting: RHB Eric Baker
|
0-0: Called Strike 0-1: Ball 1-1: Foul Ball, location: 2F 1-2: Ball 2-2: Ball 3-2: Fly out, F9 (Line Drive, 9S, EV 91.2 MPH)
|
Top of the 1st over - 0 runs, 0 hits, 0 errors, 0 left on base; University of Southern California 0 - Mississippi State University 0 |
BOTTOM OF THE 1ST |
Mississippi State University Bulldogs batting - Pitching for University of Southern California Trojans : LHP Garett Fazio
|
Pitching: LHP Garett Fazio
|
|
Batting: SHB Toshinori Shimabukuro
|
0-0: Called Strike 0-1: Ball 1-1: Ball 2-1: Ball 3-1: Base on Balls
|
Batting: LHB Tom Ploughman
|
0-0: Called Strike Toshinori Shimabukuro steals 2nd base 0-1: Ball 1-1: Foul Ball, location: 2F 1-2: Strikes out swinging
|
Batting: RHB Benito Gonzales
|
0-0: Swinging Strike 0-1: Ball 1-1: Ball 2-1: Swinging Strike 2-2: Ball 3-2: Strikes out swinging
|
Batting: SHB Jim Rutherford
|
0-0: Ball Wild Pitch! Toshinori Shimabukuro to third 1-0: SINGLE (Groundball, 56D, EV 97.5 MPH) Toshinori Shimabukuro scores
|
Batting: RHB Josh Simmons
|
0-0: Foul Ball, location: 2F 0-1: Called Strike 0-2: SINGLE (Groundball, 6MD, EV 93.8 MPH) Jim Rutherford to second
|
Batting: RHB Masahito Sunada
|
0-0: Ball 1-0: Called Strike 1-1: SINGLE (Line Drive, 8LS, EV 103.8 MPH) Jim Rutherford to third Josh Simmons to second
|
Batting: RHB Eric Riley
|
0-0: Ground out 5-3 (Groundball, 56S, EV 88.1 MPH)
|
Bottom of the 1st over - 1 run, 3 hits, 0 errors, 3 left on base; University of Southern California 0 - Mississippi State University 1 |
TOP OF THE 2ND |
University of Southern California Trojans batting - Pitching for Mississippi State University Bulldogs : LHP Jon Hoffman
|
Batting: RHB Liangde Zhou
|
0-0: Foul Ball, location: 2F 0-1: Fly out, F9 (Flyball, 9, EV 89.4 MPH)
|
Batting: LHB John Rumbolt
|
0-0: Swinging Strike 0-1: Called Strike 0-2: Ball 1-2: Ball 2-2: Strikes out swinging
|
Batting: RHB Jeremy McAbee
|
0-0: Ball 1-0: Ball 2-0: Called Strike 2-1: SINGLE (Line Drive, 3D, EV 96.2 MPH)
|
Batting: RHB Jim Baltazar
|
0-0: Called Strike 0-1: Ball 1-1: Called Strike 1-2: Fly out, F9 (Flyball, 9D, EV 90.0 MPH)
|
Top of the 2nd over - 0 runs, 1 hit, 0 errors, 1 left on base; University of Southern California 0 - Mississippi State University 1 |
BOTTOM OF THE 2ND |
Mississippi State University Bulldogs batting - Pitching for University of Southern California Trojans : LHP Garett Fazio
|
Batting: RHB Logan Strassburg
|
0-0: Ball 1-0: Ball 2-0: Ball 3-0: Base on Balls
|
Batting: RHB Karl Lukasiewicz
|
0-0: Grounds into double play, 4-6-3 (Groundball, 4D, EV 105.0 MPH)
|
Batting: SHB Toshinori Shimabukuro
|
0-0: Called Strike 0-1: Ball 1-1: Ground out 4-3 (Groundball, 4, EV 87.5 MPH)
|
Bottom of the 2nd over - 0 runs, 0 hits, 0 errors, 0 left on base; University of Southern California 0 - Mississippi State University 1 |
TOP OF THE 3RD |
University of Southern California Trojans batting - Pitching for Mississippi State University Bulldogs : LHP Jon Hoffman
|
Batting: RHB Jochen Schanz
|
0-0: Called Strike 0-1: Called Strike 0-2: Foul Ball, location: 2F 0-2: Ball 1-2: Foul Ball, location: 2F 1-2: Fly out, F7 (Flyball, 7, EV 81.2 MPH)
|
Batting: RHB Tri Kartini
|
0-0: Ball 1-0: Ball 2-0: Called Strike 2-1: Ground out U3 (Groundball, 34, EV 101.9 MPH)
|
Batting: LHB Alonzo Catalan
|
0-0: Ball 1-0: Swinging Strike 1-1: Called Strike 1-2: Strikes out swinging
|
Top of the 3rd over - 0 runs, 0 hits, 0 errors, 0 left on base; University of Southern California 0 - Mississippi State University 1 |
BOTTOM OF THE 3RD |
Mississippi State University Bulldogs batting - Pitching for University of Southern California Trojans : LHP Garett Fazio
|
Batting: LHB Tom Ploughman
|
0-0: Called Strike 0-1: Ground out 6-3 (Groundball, 6M, EV 88.8 MPH)
|
Batting: RHB Benito Gonzales
|
0-0: Called Strike 0-1: Ball 1-1: Swinging Strike 1-2: DOUBLE (Groundball, 3L, EV 107.5 MPH)
|
Batting: SHB Jim Rutherford
|
0-0: Called Strike Benito Gonzales steals 3rd base 0-1: SINGLE (Groundball, 56D, EV 97.5 MPH) Benito Gonzales scores
|
Batting: RHB Josh Simmons
|
0-0: Called Strike 0-1: Called Strike 0-2: Ball 1-2: Strikes out swinging
|
Batting: RHB Masahito Sunada
|
0-0: Called Strike 0-1: Ball 1-1: Ball 2-1: SINGLE (Line Drive, 89S, EV 107.5 MPH) Jim Rutherford to second
|
Batting: RHB Eric Riley
|
0-0: Ball 1-0: Swinging Strike 1-1: Swinging Strike 1-2: Ball 2-2: Ground out 4-3 (Groundball, 34, EV 105.6 MPH)
|
Bottom of the 3rd over - 1 run, 3 hits, 0 errors, 2 left on base; University of Southern California 0 - Mississippi State University 2 |
TOP OF THE 4TH |
University of Southern California Trojans batting - Pitching for Mississippi State University Bulldogs : LHP Jon Hoffman
|
Batting: LHB Justin Veirs
|
0-0: Foul Ball, location: 2F 0-1: Ball 1-1: Ball 2-1: Swinging Strike 2-2: Strikes out swinging
|
Batting: RHB Eric Baker
|
0-0: Swinging Strike 0-1: Ball 1-1: Ball 2-1: Ball 3-1: Called Strike 3-2: Base on Balls
|
Batting: RHB Liangde Zhou
|
0-0: Ball 1-0: Swinging Strike 1-1: Foul Ball, location: 2F 1-2: Foul Ball, location: 2F 1-2: Ball Passed Ball! Eric Baker to second 2-2: Ball 3-2: Ground out 6-3 (Groundball, 6, EV 109.4 MPH)
|
Batting: LHB John Rumbolt
|
0-0: Fly out, F7 (Flyball, 7, EV 81.9 MPH)
|
Top of the 4th over - 0 runs, 0 hits, 0 errors, 1 left on base; University of Southern California 0 - Mississippi State University 2 |
BOTTOM OF THE 4TH |
Mississippi State University Bulldogs batting - Pitching for University of Southern California Trojans : LHP Garett Fazio
|
Batting: RHB Logan Strassburg
|
0-0: Ball 1-0: Foul Ball, location: 2F 1-1: Ball 2-1: Fly out, F7 (Flyball, 78S, EV 88.8 MPH)
|
Batting: RHB Karl Lukasiewicz
|
0-0: Called Strike 0-1: Foul Ball, location: 2F 0-2: Strikes out swinging
|
Batting: SHB Toshinori Shimabukuro
|
0-0: Foul Ball, location: 2F 0-1: Ball 1-1: Called Strike 1-2: Foul Ball, location: 2F 1-2: Foul Ball, location: 2F 1-2: Ball 2-2: Foul Ball, location: 2F 2-2: Strikes out looking
|
Bottom of the 4th over - 0 runs, 0 hits, 0 errors, 0 left on base; University of Southern California 0 - Mississippi State University 2 |
TOP OF THE 5TH |
University of Southern California Trojans batting - Pitching for Mississippi State University Bulldogs : LHP Jon Hoffman
|
Batting: RHB Jeremy McAbee
|
0-0: Ball 1-0: Ball 2-0: Ground out 6-3 (Groundball, 6, EV 85.6 MPH)
|
Batting: RHB Jim Baltazar
|
0-0: Ball 1-0: SINGLE (Groundball, 4M, EV 111.2 MPH) (infield hit)
|
Batting: RHB Jochen Schanz
|
0-0: Foul Ball, location: 2F 0-1: Ball 1-1: Grounds into double play, 6-4-3 (Groundball, 56, EV 83.1 MPH)
|
Top of the 5th over - 0 runs, 1 hit, 0 errors, 0 left on base; University of Southern California 0 - Mississippi State University 2 |
BOTTOM OF THE 5TH |
Mississippi State University Bulldogs batting - Pitching for University of Southern California Trojans : LHP Garett Fazio
|
Batting: LHB Tom Ploughman
|
0-0: Called Strike 0-1: Ball 1-1: Ground out 5-3 (Groundball, 56S, EV 66.9 MPH)
|
Batting: RHB Benito Gonzales
|
0-0: Ball 1-0: Swinging Strike 1-1: Ball 2-1: Called Strike 2-2: SOLO HOME RUN (Line Drive, 78XD, EV 115.0 MPH), Distance : 438 ft
|
Pitching: RHP Skyler Isbell
|
|
Batting: SHB Jim Rutherford
|
0-0: Called Strike 0-1: Fly out, F8 (Flyball, 8RXD, EV 86.9 MPH)
|
Batting: RHB Josh Simmons
|
0-0: Fly out, F8 (Line Drive, 78D, EV 94.4 MPH)
|
Bottom of the 5th over - 1 run, 1 hit, 0 errors, 0 left on base; University of Southern California 0 - Mississippi State University 3 |
TOP OF THE 6TH |
University of Southern California Trojans batting - Pitching for Mississippi State University Bulldogs : LHP Jon Hoffman
|
Batting: RHB Tri Kartini
|
0-0: Ground out 4-3 (Groundball, 4, EV 83.1 MPH)
|
Batting: LHB Alonzo Catalan
|
0-0: Called Strike 0-1: Foul Ball, location: 2F 0-2: Ball 1-2: Ball 2-2: Ground out 6-3 (Groundball, 6, EV 99.4 MPH)
|
Batting: LHB Justin Veirs
|
0-0: Ball 1-0: Ball 2-0: Called Strike 2-1: Called Strike 2-2: Strikes out swinging
|
Top of the 6th over - 0 runs, 0 hits, 0 errors, 0 left on base; University of Southern California 0 - Mississippi State University 3 |
BOTTOM OF THE 6TH |
Mississippi State University Bulldogs batting - Pitching for University of Southern California Trojans : RHP Skyler Isbell
|
Batting: RHB Masahito Sunada
|
0-0: Fly out, F7 (Line Drive, 7, EV 103.8 MPH)
|
Batting: RHB Eric Riley
|
0-0: Ball 1-0: Called Strike 1-1: Swinging Strike 1-2: Ball 2-2: Fly out, F6 (Popup, 56, EV 80.0 MPH)
|
Batting: RHB Logan Strassburg
|
0-0: Ball 1-0: Foul Ball, location: 2F 1-1: Ball 2-1: Ball 3-1: Base on Balls
|
Batting: RHB Karl Lukasiewicz
|
0-0: Ball 1-0: Fly out, F8 (Line Drive, 8RM, EV 91.9 MPH)
|
Bottom of the 6th over - 0 runs, 0 hits, 0 errors, 1 left on base; University of Southern California 0 - Mississippi State University 3 |
TOP OF THE 7TH |
University of Southern California Trojans batting - Pitching for Mississippi State University Bulldogs : LHP Jon Hoffman
|
Pitching: RHP Julio Espana
|
|
Batting: RHB Eric Baker
|
0-0: Ball 1-0: Ball 2-0: Foul Ball, location: 2F 2-1: Foul Ball, location: 2F 2-2: Foul Ball, location: 2F 2-2: Ball 3-2: Foul Ball, location: 2F 3-2: Hit by Pitch
|
Batting: RHB Liangde Zhou
|
0-0: Ball 1-0: Called Strike 1-1: Called Strike 1-2: Foul Ball, location: 2F 1-2: Strikes out swinging
|
Batting: LHB John Rumbolt
|
0-0: Ball 1-0: Swinging Strike 1-1: Swinging Strike 1-2: Foul Ball, location: 2F 1-2: Ball 2-2: Foul Ball, location: 2F 2-2: Ball 3-2: Foul Ball, location: 2F 3-2: Base on Balls Eric Baker to second
|
Batting: RHB Jeremy McAbee
|
0-0: Swinging Strike 0-1: Grounds into double play, 6-4-3 (Groundball, 6, EV 84.4 MPH)
|
Top of the 7th over - 0 runs, 0 hits, 0 errors, 1 left on base; University of Southern California 0 - Mississippi State University 3 |
BOTTOM OF THE 7TH |
Mississippi State University Bulldogs batting - Pitching for University of Southern California Trojans : RHP Skyler Isbell
|
Batting: SHB Toshinori Shimabukuro
|
0-0: Called Strike 0-1: Called Strike 0-2: Ball 1-2: Strikes out looking
|
Batting: LHB Tom Ploughman
|
0-0: Ball 1-0: Called Strike 1-1: SINGLE (Groundball, 6D, EV 98.8 MPH)
|
Batting: RHB Benito Gonzales
|
0-0: Called Strike Tom Ploughman steals 2nd base 0-1: Fly out, F8 (Line Drive, 89M, EV 103.8 MPH)
|
Batting: SHB Jim Rutherford
|
0-0: Called Strike 0-1: Ball 1-1: Ball 2-1: Called Strike 2-2: Ground out U3 (Groundball, 3L, EV 89.4 MPH)
|
Bottom of the 7th over - 0 runs, 1 hit, 0 errors, 1 left on base; University of Southern California 0 - Mississippi State University 3 |
TOP OF THE 8TH |
University of Southern California Trojans batting - Pitching for Mississippi State University Bulldogs : RHP Julio Espana
|
Batting: RHB Jim Baltazar
|
0-0: Ball 1-0: Foul Ball, location: 2F 1-1: Ball 2-1: Swinging Strike 2-2: Strikes out swinging
|
Pinch Hitting: LHB Eric Rosenstein
|
0-0: Ball 1-0: Called Strike 1-1: Ball 2-1: Foul Ball, location: 2F 2-2: Ground out 6-3 (Groundball, 6MD, EV 83.8 MPH)
|
Batting: RHB Tri Kartini
|
0-0: Called Strike 0-1: Called Strike 0-2: Ball 1-2: Ball 2-2: Strikes out swinging
|
Top of the 8th over - 0 runs, 0 hits, 0 errors, 0 left on base; University of Southern California 0 - Mississippi State University 3 |
BOTTOM OF THE 8TH |
Mississippi State University Bulldogs batting - Pitching for University of Southern California Trojans : RHP Skyler Isbell
|
Pitching: RHP Bing-zhang Ban
|
|
Now at 2B: John Sandberg
|
|
Now at SS: Jeremy McAbee
|
|
Batting: RHB Josh Simmons
|
0-0: Called Strike 0-1: Swinging Strike 0-2: Ball 1-2: Strikes out looking
|
Batting: RHB Masahito Sunada
|
0-0: Ground out 6-3 (Groundball, 6, EV 111.2 MPH)
|
Batting: RHB Eric Riley
|
0-0: Foul Ball, location: 2F 0-1: Foul Ball, location: 2F 0-2: Ball 1-2: Foul Ball, location: 2F 1-2: Ball 2-2: SINGLE (Line Drive, 4, EV 96.9 MPH)
|
Batting: RHB Logan Strassburg
|
0-0: SINGLE (Groundball, 56S, EV 62.5 MPH) (infield hit) Eric Riley to second
|
Batting: RHB Karl Lukasiewicz
|
0-0: Called Strike 0-1: Ball 1-1: SINGLE (Groundball, 25, EV 68.8 MPH) (infield hit) Eric Riley to third Logan Strassburg to second
|
Batting: SHB Toshinori Shimabukuro
|
0-0: Called Strike 0-1: Called Strike 0-2: Ball 1-2: Ball 2-2: Strikes out swinging
|
Bottom of the 8th over - 0 runs, 3 hits, 0 errors, 3 left on base; University of Southern California 0 - Mississippi State University 3 |
TOP OF THE 9TH |
University of Southern California Trojans batting - Pitching for Mississippi State University Bulldogs : RHP Julio Espana
|
Pitching: RHP Josh Noonan
|
|
Batting: LHB Alonzo Catalan
|
0-0: Ball 1-0: Called Strike 1-1: Ball 2-1: Called Strike 2-2: Foul Ball, location: 2F 2-2: Foul Ball, location: 2F 2-2: Strikes out swinging
|
Batting: LHB Justin Veirs
|
0-0: Ball 1-0: Called Strike 1-1: Swinging Strike 1-2: Strikes out swinging
|
Batting: RHB Eric Baker
|
0-0: Ball 1-0: Ball 2-0: Foul Ball, location: 2F 2-1: Foul Ball, location: 2F 2-2: Ball 3-2: Base on Balls
|
Batting: RHB Liangde Zhou
|
0-0: Called Strike 0-1: Called Strike 0-2: Ball 1-2: Foul Ball, location: 2F 1-2: SINGLE (Groundball, 56S, EV 70.6 MPH) (infield hit) Eric Baker to second
|
Batting: LHB John Rumbolt
|
0-0: Called Strike 0-1: Fly out, F7 (Flyball, 78S, EV 96.2 MPH)
|
Top of the 9th over - 0 runs, 1 hit, 0 errors, 2 left on base; University of Southern California 0 - Mississippi State University 3 |
|